 Dungeon Crawl Stone Soup version 0.21-a0-496-g696f58f537 (webtiles) character file.

67 Kaname the Stinger (level 4, 21/30 HPs)
             Began as a Demonspawn Venom Mage on Nov 24, 2017.
             Quit the game on level 2 of the Dungeon.
             The game lasted 00:04:29 (1389 turns).

Kaname the Stinger (Demonspawn Venom Mage)          Turns: 1389, Time: 00:04:29

Health: 21/30      AC:  3    Str:  9    XL:     4   Next: 0%
Magic:  2/7        EV: 12    Int: 17    God:
Gold:   54         SH:  4    Dex: 13    Spells: 6/7 levels left

rFire    . . .     SeeInvis .   e - +2 short sword (speed)
rCold    . . .     Gourm    .   (no shield)
rNeg     . . .     Faith    .   a - +0 robe
rPois    .         Spirit   +   (no helmet)
rElec    .         Reflect  .   (no cloak)
rCorr    .         Harm     .   j - +0 pair of gloves
MR       .....                  (no boots)
Stlth    ++........             (no amulet)
HPRegen  0.10/turn              (no ring)
MPRegen  0.20/turn              (no ring)

@: no status effects
A: large bone plates 1, magic shield, magic regeneration
a: no special abilities


You were on level 2 of the Dungeon.
You were hungry.

You visited 1 branch of the dungeon, and saw 2 of its levels.

You collected 54 gold pieces.

Inventory:

Hand Weapons
 e - a +2 short sword of speed (weapon)
Armour
 a - a +0 robe (worn)
 j - a +0 pair of gloves (worn)
Scrolls
 d - 3 scrolls of identify {unknown}
 f - a scroll of remove curse {unknown}
 l - a scroll of blinking {unknown}
 m - a scroll of fog {unknown}
Potions
 g - a potion of curing {unknown}
 h - a potion of brilliance {unknown}
 i - 2 potions of ambrosia {unknown}
Books
 b - a Young Poisoner's Handbook

   Spells                             Type                      Level
   a - Sting                          Conjuration/Poison           1
   b - Poisonous Vapours              Poison/Air                   2
   c - Mephitic Cloud                 Conjuration/Poison/Air       3
   d - Olgreb's Toxic Radiance        Poison                       4
   e - Venom Bolt                     Conjuration/Poison           5
Comestibles
 c - 2 bread rations
 k - 2 meat rations


   Skills:
 - Level 1.7 Dodging
 - Level 1.7 Stealth
 - Level 2.0 Spellcasting
 + Level 2.2 Conjurations
 * Level 4.4 Poison Magic


You had 6 spell levels left.
You knew the following spells:

 Your Spells              Type           Power        Failure   Level  Hunger
a - Sting                 Conj/Pois      ##..         4%          1    #......


Dungeon Overview and Level Annotations

Branches:
Dungeon (2/15)

Altars:


Innate Abilities, Weirdness & Mutations

You are partially covered in large bone plates. (SH +4)
When hurt, damage is shared between your health and your magic reserves.
You regenerate magic rapidly.


Message History

The adder bites you.
You closely miss the adder.
The adder is severely wounded.
The adder looks more healthy.
The bat hits you but does no damage. x2
The bat barely misses you.
You barely miss the adder.
The adder is almost dead.
The bat hits you. The bat closely misses you. The adder closely misses you.
The bat hits you. The kobold closely misses you. The adder bites you.
You hit the adder.
You kill the adder!
The bat hits you but does no damage. The bat barely misses you.
The bat hits you. The kobold barely misses you.
You puncture the kobold!
You kill the kobold!
You have reached level 4!
You feel stronger.
Your demonic ancestry asserts itself...
Large bone plates grow over parts of your arms.
You block the bat's attack. The bat hits you but does no damage.
Are you sure you want to abandon this character and quit the game? (Confirm with "yes".)

. ..... #...$ .
.... . ...###. #
.. .....## ### #
##.. #.....# ..# #
#[..$#b##..####.#
).[...b@#....##.##
......#)†#.#.†..?#
#[..? #.....###.$#
##.. #...##.# #.S#
##....####$# ##b#
..###
#..###.####### #
#####.<##........
......(b.K.##.....
########.#[.......


You could see 2 bats.

Vanquished Creatures
  2 adders (D:2)
  An ooze (D:1)
  A worm (D:2)
  2 dart slugs (D:1)
  4 bats
  3 giant cockroaches (D:1)
  2 goblins (D:1)
  6 hobgoblins (D:1)
  2 frilled lizards (D:1)
  9 kobolds
  7 rats (D:1)
39 creatures vanquished.

Notes
Turn   | Place    | Note
-------+----------+-------------------------------------------
     0 | D:1      | Kaname the Demonspawn Venom Mage began the quest for the Orb.
     0 | D:1      | Reached XP level 1. HP: 13/13 MP: 3/3
   296 | D:1      | Gained mutation: When hurt, damage is shared between your health and your magic reserves. [demonic ancestry]
   296 | D:1      | Reached XP level 2. HP: 19/19 MP: 5/5
   621 | D:1      | Gained mutation: You regenerate magic rapidly. [demonic ancestry]
   621 | D:1      | Reached XP level 3. HP: 24/24 MP: 6/6
   711 | D:1      | Reached skill level 4 in Poison Magic
  1388 | D:2      | Gained mutation: You are partially covered in large bone plates. (SH +4) [demonic ancestry]
  1388 | D:2      | Reached XP level 4. HP: 21/30 MP: 2/7
  1389 | D:2      | Quit the game

Vault maps used:
D:1:      scummos_arrival_hexagon
D:2:      minmay_pentomino_w4

Skill      XL: |  1  2  3 |
---------------+----------+-----
Poison Magic   | 4 |  4.4
Conjurations   | 2 |  2.2
Dodging        | |  1.7
Stealth        | |  1.7
Spellcasting   | |  2.0

Action                   |  1- 3 |  4- 6 || total
-------------------------+-------+-------++-------
Melee: Unarmed           |     8 |       ||     8
       Short sword       |   114 |       ||   114
       Spear             |     7 |       ||     7
 Cast: Sting             |    14 |       ||    14
 Stab: Sleeping          |     3 |       ||     3
  Eat: Chunk             |     1 |       ||     1
Armor: Robe              |    18 |     1 ||    19
Dodge: Dodged            |    83 |       ||    83
Block: Other             |       |     1 ||     1

Table legend:
 A = Spawn XP
 B = Non-spawn XP
 C = Spawn XP percentage of total XP
 D = Spawn monster count
 E = Non-spawn monster count
 F = Spawn count percentage of total count
 G = Total turns spent on level
                    A         B        C        D         E        F      G
               +---------+---------+-------+---------+---------+-------+---------
         Total |       0 |      97 |   0.0 |       0 |      39 |   0.0 |  1389
               +---------+---------+-------+---------+---------+-------+---------
           D:1 |       0 |      60 |   0.0 |       0 |      32 |   0.0 |  1334
           D:2 |       0 |      37 |   0.0 |       0 |       7 |   0.0 |    55
               +---------+---------+-------+---------+---------+-------+---------
